 Dungeon Crawl Stone Soup version 0.30.2 (webtiles) character file.

Game seed: 6865604249861080076

19 porpoise the Magician (level 2, -3/20 HPs)
             Began as a Gnoll Hedge Wizard on Apr 7, 2024.
             Slain by a worm (5 damage)
             ... on level 2 of the Dungeon.
             The game lasted 00:04:17 (1146 turns).

porpoise the Magician (Gnoll Hedge Wizard)          Turns: 1146, Time: 00:04:19

Health: -3/20      AC:  2    Str:  9    XL:     2   Next: 75%
Magic:  5/10       EV: 13    Int: 13    God:
Gold:   20         SH:  0    Dex: 11    Spells: 12/15 levels left

rFire   + . .        a - +0 dagger
rCold   + . .        (no shield)
rNeg    . . .        b - +0 robe
rPois   .            c - +0 hat
rElec   .            g - scarf {rC+ rF+}
rCorr   .            (no gloves)
SInv    .            (no boots)
Will    .....        (no amulet)
Stlth   ++           (no ring)
HPRegen 0.23/turn    (no ring)
MPRegen 0.12/turn

%: no passive effects
@: no status effects
A: fangs 1, strong nose, distributed training
a: no special abilities


You were on level 2 of the Dungeon.
You visited 1 branch of the dungeon, and saw 2 of its levels.

You collected 20 gold pieces.

Inventory:

Hand Weapons
 a - a +0 dagger (weapon)
Armour
 b - a +0 robe (worn)
 c - a +0 hat (worn)
 f - an orb of guile
 g - a scarf of resistance (worn)
Scrolls
 e - 3 scrolls of identify {unknown}
Potions
 d - 2 potions of magic


   Skills:
 + Level 0.5 Fighting
 + Level 0.5 Short Blades
 + Level 0.5 Long Blades
 + Level 0.5 Axes
 + Level 0.5 Maces & Flails
 + Level 0.5 Polearms
 + Level 0.5 Staves
 + Level 0.5 Ranged Weapons
 + Level 0.5 Throwing
 + Level 0.5 Armour
 + Level 4.5 Dodging
 + Level 4.1 Stealth
 + Level 0.5 Shields
 + Level 0.5 Unarmed Combat
 + Level 7.1 Spellcasting
 + Level 2.0 Conjurations
 + Level 0.4 Hexes
 + Level 2.0 Summonings
 + Level 0.4 Necromancy
 + Level 2.0 Translocations
 + Level 0.4 Transmutations
 + Level 0.4 Fire Magic
 + Level 0.4 Ice Magic
 + Level 0.4 Air Magic
 + Level 0.4 Earth Magic
 + Level 0.4 Poison Magic
 + Level 0.7 Invocations
 + Level 0.5 Evocations


You had 12 spell levels left.
You knew the following spells:

 Your Spells              Type           Power      Damage    Failure   Level
a - Magic Dart            Conj           40%        1d5       6%          1
i - Call Imp              Summ           20%        N/A       10%         2

Your spell library contained the following spells:

 Spells                   Type           Power      Damage    Failure   Level
 Blink                    Tloc           20%        N/A       10%         2
 Slow                     Hex            20%        N/A       13%         1
 Cigotuvi's Dreadful Rot  Necr/Pois/Air  10%        N/A       19%         2
 Mephitic Cloud           Conj/Pois/Air  7%         N/A       30%         3
 Manifold Assault         Tloc           10%        N/A       54%         4
 Storm Form               Tmut/Air       2%         N/A       100%        7


Dungeon Overview and Level Annotations

Branches:
Dungeon (2/15)

Altars:


Innate Abilities, Weirdness & Mutations

You have very sharp teeth.
Your uncanny sense of smell can sniff out nearby items.
Your experience applies equally to all skills.


Message History

The worm is lightly wounded.
The worm closely misses you.
Your cerulean imp barely misses the worm.
You hit the worm but do no damage. You bite the worm, but do no damage.
The worm is lightly wounded.
Your cerulean imp hits the worm but does no damage.
You hit the worm.
The worm is lightly wounded.
The worm bites you!
Ouch! That really hurt!
Your cerulean imp hits the worm but does no damage.
You barely miss the worm.
The worm is lightly wounded.
Your cerulean imp hits the worm but does no damage.
The worm barely misses you.
You hit the worm but do no damage.
The worm is lightly wounded.
Your cerulean imp closely misses the worm.
You hit the worm.
The worm is moderately wounded.
The worm closely misses you.
Your cerulean imp barely misses the worm.
You hit the worm. You bite the worm, but do no damage.
The worm is moderately wounded.
Your cerulean imp barely misses the worm.
You hit the worm but do no damage.
The worm is moderately wounded.
The worm bites you!
* * * LOW HITPOINT WARNING * * *
Your cerulean imp barely misses the worm.
Casting: Call Imp (safe; 10% risk of failure)
Confirm with . or Enter, or press ? or * to list all spells.
Aiming: Magic Dart (safe; 6% risk of failure)
Press: ? - help, Shift-Dir - straight line, f/p - worm
Aim: a worm (moderately wounded, ally target, 100% to hit)
The magic dart hits the worm.
The worm is moderately wounded.
Your cerulean imp hits the worm with a -3 spear.
The worm bites you.
You die...

. .. .. #.
###.. .##
......### ..#
.. ∆ #5w@#####
#.# ..
#.#.....# #.#
#. #
#####.####.# .
#.
##...##.####
#.r #.
#..........#
#...##.
#............#
#....#######
##...........#
#.......##
##..........#
#######..##
#......(...#


You could see a worm (ally target) and a friendly cerulean imp (summoned).

Vanquished Creatures
  2 dart slugs (D:1)
  2 ball pythons (D:1)
  2 endoplasms (D:1)
  A giant cockroach (D:2)
  A hobgoblin (D:1)
  2 bats (D:1)
  5 rats
15 creatures vanquished.

Notes
Turn   | Place    | Note
-------+----------+-------------------------------------------
     0 | D:1      | porpoise the Gnoll Hedge Wizard began the quest for the
                  | Orb.
     0 | D:1      | Reached XP level 1. HP: 13/13 MP: 8/8
   320 | D:1      | Reached XP level 2. HP: 19/19 MP: 6/10
   379 | D:1      | Learned a level 2 spell: Call Imp
  1146 | D:2      | Slain by a worm

Illustrated notes

Levels and vault maps discovered:
D:1:      dpeg_arrival_line_fractal, layout_basic,
          chequers_serial_rivers_small_b, serial_bayou_pond_d
D:2:      layout_rooms, serial_shops, nicolae_shop_tiny_waterfront

Skill      XL: |  1 |
---------------+----+-----
Conjurations   | 2 |  2.0
Summonings     | 2 |  2.0
Translocations | 2 |  2.0
Fighting       | |  0.5
Short Blades   | |  0.5
Long Blades    | |  0.5
Axes           | |  0.5
Maces & Flails | |  0.5
Polearms       | |  0.5
Staves         | |  0.5
Ranged Weapons | |  0.5
Throwing       | |  0.5
Armour         | |  0.5
Dodging        | |  4.5
Stealth        | |  4.1
Shields        | |  0.5
Unarmed Combat | |  0.5
Spellcasting   | |  7.1
Hexes          | |  0.4
Necromancy     | |  0.4
Transmutations | |  0.4
Fire Magic     | |  0.4
Ice Magic      | |  0.4
Air Magic      | |  0.4
Earth Magic    | |  0.4
Poison Magic   | |  0.4
Invocations    | |  0.7
Evocations     | |  0.5

Action                     || total
---------------------------++-------
  Melee: Dagger            ||    12
         Bite              ||     2
   Cast: Magic Dart        ||    46
         Call Imp          ||     3
   Stab: Sleeping          ||     2
  Dodge: Dodged            ||     7
